cohdb
Replays
Latest Replays
All Replays
Popular Replays
Top Player Replays
Match Explorer
How It Works
Community
CoH3 Stats
Reddit
Sign in to upload your games and track your stats! →
Sign in with Steam
Match 38335239
Unlisted
Match 38335239
Overview
Messages
Build Orders
End
Royal Engineer Section
Construct Section Command Post
Infantry Section
Vickers Machine Gun Team
Infantry Section
Construct Platoon Command Post
Selects Indian Artillery Battlegroup
Humber Armored Car
Selects Valour
Construct Field Infirmary
Grenade Package
Infantry Section
Selects Gurkha Rifles Section
Construct Company Command Post
Foot Guards Section
Selects Pillage
Unlock M3 Grant Medium Tanks
M3 Grant Medium Tank
Matilda II Heavy Tank
Selects Towed ML 4.2-inch Heavy Mortar
Selects Off-map Airburst Barrage
Infantry Training
Off-map Airburst Barrage
Selects Perimeter Monitor
Crusader II Medium Tank
Perimeter Monitor
Off-map Airburst Barrage
Off-map Airburst Barrage
M3 Grant Medium Tank
BIOHAZARD
Decapsy
0
0
Comments
sign in to comment!
No comments posted yet!